Map: Echo LE (Void)

Players

losira - Winner!

  • Race: Zerg Zerg
  • Spawn Location: 5:00

Stats

  • Race: Protoss Protoss
  • Spawn Location: 11:00

Event: IEM Season 11 - Gyeonggi

VOD

Have the link to the VOD?

Description

Time

  • Played on: Dec. 13, 2016, 11:58 p.m.
  • Length: 12:46

All games in this series

Show
View Real Time Build Order
Export as new Build Order

losira Zerg - Winner!

Build Orders: Pool First 

Get SALT Encoding   

  12  0:18  Spawning Pool  
  12  0:20  Drone  
  12  0:25  Drone  
  13  0:30  Drone  
  14  0:39  Overlord  
  14  1:05  Queen, Zergling x6  
  19  1:16  Zergling x2  
  20  1:27  Zergling x2  
  21  1:38  Zergling x2  
  22  1:40  Hatchery  
  21  1:48  Zergling x2  
  22  2:03  Overlord  
  22  2:21  Drone, Queen  
  22  2:22  Drone  
  26  2:23  Drone x2  
  28  2:40  Drone  
  28  2:42  Drone  
  29  2:46  Extractor  
  29  2:47  Drone  
  29  2:53  Drone x4  
  33  2:59  Queen  
  33  3:03  Overlord  
  35  3:21  Drone x6  
  35  3:24  Drone  
  42  3:32  Drone  
  43  3:36  Overlord  
  43  3:47  Overlord  
  43  3:50  Overlord  
  43  3:55  Drone x4  
  44  3:56  Drone x2  
  49  4:04  Drone  
  49  4:09  Hatchery  
  49  4:15  Drone x2  
  51  4:21  Roach Warren  
  51  4:22  Metabolic Boost  
  50  4:24  Drone  
  50  4:30  Drone  
  52  4:31  Drone  
  52  4:32  Drone  
  52  4:33  Drone x2  
  52  4:37  Overlord  
  56  4:48  Overlord  
  56  4:52  Extractor  
  55  4:53  Zergling x4  
  55  4:54  Zergling x4  
  55  4:59  Evolution Chamber  
  58  5:02  Roach x5  
  68  5:08  Roach  
  68  5:10  Extractor  
  69  5:17  Drone x4  
  71  5:21  Queen  
  71  5:23  Roach x2  
  71  5:25  Drone x4  
  81  5:34  Drone x2  
  83  5:36  Drone  
  83  5:40  Lair  
  83  5:41  Zergling x2  
  85  5:48  Roach x2  
  85  5:49  Spore Crawler, Overlord  
  88  5:52  Drone, Spore Crawler  
  88  5:54  Drone  
  89  5:57  Overlord  
  89  5:59  Overlord  
  89  6:06  Overlord  
  89  6:10  Roach x4  
  97  6:14  Overlord x2  
  97  6:18  Overlord  
  97  6:22  Queen  
  97  6:23  Queen  
  101  6:26  Drone x2  
  101  6:28  Overlord  
  103  6:38  Queen  
  103  6:39  Overlord  
  105  6:44  Spore Crawler  
  105  6:45  Drone x3  
  107  6:49  Overlord  
  107  6:53  Roach x4  
  115  6:55  Roach x2  
  115  6:56  Zergling x4  
  115  7:00  Roach  
  115  7:01  Roach  
  120  7:03  Roach, Zergling x4  
  120  7:06  Zergling x4  
  120  7:07  Zergling x2  
  115  7:10  Queen  
  115  7:14  Zergling x2  
  115  7:15  Queen  
  115  7:17  Zergling x2  
  115  7:18  Zergling x2  
  113  7:23  Zergling x2  
  113  7:24  Zergling x2  
  113  7:25  Zergling x6  
  113  7:28  Zergling x2  
  112  7:30  Queen  
  112  7:36  Zergling x10  
  113  7:38  Zergling x2  
  113  7:41  Evolution Chamber, Zergling x2  
  113  7:42  Zergling x2  
  111  7:45  Zergling x8  
  111  7:47  Zergling x2  
  111  7:50  Zergling x6  
  109  7:54  Queen  
  109  7:55  Spore Crawler  
  103  7:58  Drone  
  103  7:59  Queen  
  103  8:01  Zergling x2  
  103  8:08  Queen  
  103  8:10  Zerg Missile Weapons Level 1, Overlord  
  103  8:12  Drone  
  106  8:14  Drone  
  106  8:18  Roach x2  
  107  8:24  Drone x2  
  107  8:25  Drone x2  
  106  8:30  Queen  
  106  8:33  Drone  
  108  8:35  Queen  
  110  8:41  Overlord  
  110  8:43  Queen  
  112  8:49  Roach x4  
  112  8:50  Zergling x2  
  112  8:51  Zergling x2  
  112  8:52  Zergling x2  
  112  8:53  Zergling x2  
  120  8:57  Zergling x4  
  120  9:00  Zergling x2  
  120  9:01  Zergling x2  
  118  9:03  Zergling x2  
  118  9:04  Zergling x2  
  118  9:05  Zergling x2  
  118  9:06  Zergling x4  
  118  9:07  Zergling x4  
  118  9:08  Zergling x2  
  118  9:09  Zergling x4  
  124  9:10  Zergling x2  
  124  9:11  Ravager x3  
  124  9:12  Ravager x2  
  124  9:13  Ravager x2  
  124  9:14  Ravager x2  
  124  9:15  Ravager x2  
  124  9:16  Ravager  
  137  9:18  Zergling x2  
  137  9:19  Zergling x2  
  137  9:23  Zergling x4  
  142  9:24  Zergling x4  
  142  9:25  Ravager  
  142  9:26  Zergling x2  
  142  9:28  Zergling x2  
  142  9:30  Zergling x2  
  147  9:31  Zergling x2  
  147  9:33  Zergling x2  
  147  9:37  Zergling x2  
  148  9:40  Zergling x2  
  148  9:41  Zergling x4  
  148  9:43  Zergling x2  
  146  9:49  Zergling x2  
  146  9:50  Zergling x2  
  146  9:51  Zergling x2  
  146  9:52  Zergling x4  
  145  9:57  Zergling x2  
  145  9:58  Zergling x2  
  145  9:59  Zergling x4  
  140  10:00  Zergling x2  
  140  10:01  Overseer x2  
  140  10:06  Zergling x2  
  138  10:08  Zergling x4  
  138  10:10  Ravager  
  138  10:11  Zergling x4  
  138  10:12  Zergling x2  
  138  10:13  Queen x2, Zergling x2  
  146  10:14  Zergling x2  
  146  10:16  Zergling x2  
  138  10:22  Zergling x2  
  138  10:23  Zergling x2  
  134  10:29  Zergling x4  
  134  10:32  Zergling x2  
  134  10:33  Zergling x2  
  134  10:34  Zergling x2  
  133  10:36  Zergling x2  
  133  10:37  Zergling x2  
  133  10:38  Zergling x4  
  133  10:40  Zergling x4  
  134  10:42  Zergling x2  
  134  10:45  Zergling x2  
  134  10:49  Spire, Queen x2  
  118  10:52  Zergling x2  
  118  10:53  Zergling x2  
  118  10:54  Zergling x2  
  118  10:55  Zergling x2  
  118  10:56  Zergling x2  
  114  10:57  Zergling x4  
  105  11:08  Queen  
  105  11:09  Drone  
  105  11:10  Drone x2, Extractor x2  
  105  11:11  Drone x4  
  104  11:12  Extractor  
  90  11:21  Drone  
  90  11:24  Queen x2  
  90  11:25  Spore Crawler  
  89  11:32  Drone  
  89  11:34  Drone x3  
  91  11:41  Drone  
  91  11:42  Drone, Spore Crawler  
  91  11:43  Spore Crawler  
  87  12:04  Corruptor  
  87  12:05  Corruptor x5  
  96  12:09  Corruptor  
  96  12:11  Corruptor  
Show
View Real Time Build Order
Export as new Build Order

Stats Protoss 

Build Orders:  

Get SALT Encoding   

  12  0:00  Probe (Chrono Boost)  
  13  0:11  Probe (Chrono Boost)  
  14  0:18  Pylon  
  14  0:22  Probe (Chrono Boost)  
  15  0:37  Probe (Chrono Boost)  
  15  0:40  Gateway  
  16  0:47  Probe (Chrono Boost)  
  17  0:50  Assimilator  
  17  0:58  Probe (Chrono Boost)  
  18  1:08  Probe (Chrono Boost)  
  19  1:19  Probe (Chrono Boost)  
  19  1:23  Pylon  
  20  1:27  Zealot (Chrono Boost)  
  20  1:28  Cybernetics Core  
  20  1:29  Probe  
  23  1:41  Probe  
  24  1:51  Zealot (Chrono Boost)  
  24  1:53  Probe  
  27  1:58  Pylon  
  27  2:08  Probe  
  28  2:15  Adept (Chrono Boost)  
  30  2:26  Nexus  
  30  2:29  Warp Gate  
  30  2:38  Adept (Chrono Boost)  
  31  2:44  Twilight Council  
  31  2:47  Probe  
  32  2:51  Assimilator  
  32  2:59  Probe (Chrono Boost)  
  33  3:09  Pylon  
  33  3:10  Probe (Chrono Boost)  
  34  3:20  Resonating Glaives (Chrono Boost), Probe  
  35  3:32  Probe  
  36  3:37  Gateway  
  36  3:38  Gateway  
  36  3:39  Probe  
  37  3:44  Probe  
  38  3:50  Probe  
  38  3:52  Pylon  
  41  3:55  Adept  
  41  3:57  Probe  
  41  4:00  Probe  
  43  4:12  Probe  
  43  4:14  Probe  
  45  4:23  Probe  
  45  4:26  Probe  
  45  4:27  Assimilator  
  45  4:28  Assimilator, Pylon  
  45  4:31  Adept x3  
  49  4:33  Probe  
  49  4:38  Probe  
  55  4:46  Stargate  
  55  4:48  Probe, Stargate  
  55  4:50  Probe  
  57  4:57  Adept x2  
  61  5:01  Adept  
  61  5:04  Probe  
  61  5:05  Probe  
  65  5:07  Pylon  
  65  5:14  Mothership Core  
  65  5:18  Probe  
  68  5:22  Adept  
  68  5:23  Adept x2  
  74  5:33  Phoenix x2 (Chrono Boost)  
  78  5:42  Pylon  
  78  5:48  Adept x2  
  78  5:49  Adept  
  84  5:55  Pylon  
  84  5:58  Phoenix (Chrono Boost)  
  84  6:01  Phoenix (Chrono Boost)  
  88  6:11  Adept x2  
  88  6:12  Adept  
  88  6:14  Pylon  
  94  6:24  Phoenix x2 (Chrono Boost)  
  98  6:35  Pylon  
  98  6:36  Adept x3  
  104  6:40  Pylon  
  104  6:52  Phoenix x2 (Chrono Boost)  
  108  7:05  Probe x2  
  98  7:13  Adept x3  
  102  7:20  Probe  
  102  7:21  Probe  
  102  7:22  Nexus  
  102  7:24  Pylon  
  88  7:51  Adept x3  
  86  7:52  Probe x2  
  88  8:04  Probe x2  
  88  8:05  Fleet Beacon  
  84  8:16  Adept x3  
  90  8:21  Probe x2  
  92  8:31  Stargate  
  92  8:33  Probe x3  
  94  8:37  Assimilator  
  94  8:39  Assimilator  
  95  8:41  Adept x2  
  95  8:42  Adept  
  101  8:49  Carrier (Chrono Boost)  
  101  8:53  Carrier (Chrono Boost)  
  111  9:08  Pylon  
  111  9:14  Pylon  
  111  9:15  Forge  
  111  9:17  Pylon x2  
  111  9:19  Pylon  
  117  9:31  Adept x3  
  102  9:57  Adept x3  
  93  10:06  Graviton Catapult  
  99  10:08  Carrier (Chrono Boost)  
  99  10:18  Zealot x3  
  99  10:21  Cybernetics Core  
  66  10:41  Zealot x3  
  53  11:06  Zealot x2  
  39  11:29  Probe  
  32  12:19  Probe  
  33  12:30  Probe  
  33  12:36  Pylon  

Tags
 
Add a new tag
Caveats
  • Supply blocks, unpowered buildings, or Contaminate may cause inaccurate times.
  • Supply counts are checked every 10 seconds.